 Dungeon Crawl Stone Soup version 0.29-a0-283-ga02f740833 (webtiles) character file.

Game seed: 11239538615729328922

7840 Dabor the Fighter (level 11, -2/71 HPs)
             Began as a Gargoyle Fighter on Mar 13, 2022.
             Was an Elder of Okawaru.
             Slain by a vampire (4 damage)
             ... on level 10 of the Dungeon.
             The game lasted 00:22:20 (12907 turns).

Dabor the Fighter (Gargoyle Fighter)               Turns: 12907, Time: 00:22:21

Health: -2/71      AC: 21    Str: 30    XL:     11   Next: 21%
Magic:  15/15      EV: 13    Int: 13    God:    Okawaru [****..]
Gold:   646        SH:  5    Dex: 15    Spells: 10/10 levels left

rFire   . . .      SeeInvis .   q - +1 mace (vorpal)
rCold   + . .      Faith    .   c - +0 buckler
rNeg    + . .      Spirit   .   j - +4 ring mail of Honour {rC+ Int+4}
rPois   ∞          Reflect  .   f - +0 helmet
rElec   +          Harm     .   t - +0 cloak
rCorr   .          Rampage  .   (no gloves)
Will    .....                   (no boots)
Stlth   +.........              (no amulet)
HPRegen 0.21/turn               r - +6 ring of dexterity
MPRegen 0.14/turn               H - +6 ring of strength

@: mighty
A: sickness immunity, AC +8, negative energy resistance 1, electricity
resistance, torment resistance 1, petrification resistance
a: Renounce Religion, Heroism, Finesse


You were on level 10 of the Dungeon.
You worshipped Okawaru.
Okawaru was greatly pleased with you.
You visited 2 branches of the dungeon, and saw 11 of its levels.
You also visited: Ossuary.

You collected 646 gold pieces.

Inventory:

Hand Weapons
 a - a +0 flail
 e - a +0 spear
 q - a +1 vorpal mace (weapon)
Armour
 c - a +0 buckler (worn)
 f - a +0 helmet (worn)
 j - the +4 ring mail of Honour (worn) {rC+ Int+4}
   (You found it on level 1 of the Dungeon)

   Int:       It affects your intelligence (+4).
   rC:        It protects you from cold.
 t - a +0 cloak (worn)
Jewellery
 r - a +6 ring of dexterity (left hand)
 D - a ring of flight
 G - a +6 ring of intelligence
 H - a +6 ring of strength (right hand)
Wands
 A - a wand of flame (45)
 B - a wand of mindburst (13)
 E - a wand of acid (1)
Scrolls
 b - 5 scrolls of identify
 i - 6 scrolls of teleportation
 m - a scroll of blinking
 o - a scroll of fog
 v - 3 scrolls of enchant armour
 x - a scroll of magic mapping
 y - 3 scrolls of fear
 z - a scroll of enchant weapon
 F - a scroll of summoning {unknown}
Potions
 d - 2 potions of might
 g - 2 potions of degeneration {unknown}
 h - 4 potions of curing
 k - a potion of cancellation {unknown}
 l - 2 potions of brilliance {unknown}
 n - 4 potions of mutation {unknown}
 p - 2 potions of flight {unknown}
 s - a potion of haste {unknown}
 u - 4 potions of heal wounds {unknown}
 w - a potion of lignification {unknown}
 C - a potion of attraction {unknown}
 I - a potion of resistance {unknown}


   Skills:
 + Level 9.5 Fighting
 + Level 8.2 Maces & Flails
 + Level 9.3 Armour
 + Level 5.8 Dodging
 - Level 5.0 Shields
 + Level 6.5 Invocations


You had 10 spell levels left.
You didn't know any spells.
Your spell library contained the following spells:

 Spells                   Type           Power      Damage    Failure   Level
 Corpse Rot               Necr/Air       0%         N/A       63%         2
 Poisonous Vapours        Pois/Air       0%         N/A       63%         2
 Wereblood                Tmut           0%         N/A       63%         2
 Frozen Ramparts          Ice            0%         1d2       85%         3
 Mephitic Cloud           Conj/Pois/Air  0%         N/A       85%         3
 Airstrike                Air            0%         N/A       99%         4
 Dispel Undead            Necr           0%         3d6       99%         4
 Ice Form                 Ice/Tmut       0%         N/A       99%         4
 Dispersal                Tloc           0%         N/A       100%        6
 Orb of Destruction       Conj           0%         9d5       100%        7
 Sublimation of Blood     Necr           Unusable   N/A       N/A         2
 Summon Guardian Golem    Hex/Summ       Unusable   N/A       N/A         3
 Summon Ice Beast         Ice/Summ       Unusable   N/A       N/A         4
 Death Channel            Necr           Unusable   N/A       N/A         6
 Spellforged Servitor     Conj/Summ      Unusable   N/A       N/A         7
 Summon Hydra             Summ           Unusable   N/A       N/A         7

Dungeon Overview and Level Annotations

Branches:
Dungeon (10/15)            Temple (1/1) D:4            Lair (0/6) D:9
Ossuary (visited)
    Orc: D:9-12

Altars:
Ashenzari
Cheibriados
Dithmenos
Elyvilon
Fedhas
Gozag
Hepliaklqana
Kikubaaqudgha
Makhleb
Nemelex Xobeh
Okawaru
Qazlal
Ru
Sif Muna
Trog
Uskayaw
Vehumet
Wu Jian
Xom
Yredelemnul
Zin
The Shining One

Annotations:
D:5 exclusion: oklob plant
D:9 exclusion: obsidian statue


Innate Abilities, Weirdness & Mutations

You are immune to sickness and miasma.
Your stone body is resilient. (AC +8)
You are immune to poison.
You resist negative energy. (rN+)
You are resistant to electric shocks. (rElec)
You are resistant to unholy torment.
You are immune to petrification.


Message History

Urug is almost dead.
Something hits you but does no damage. Something bites you.
You block Urug's attack.
You hit Urug.
Urug is almost dead.
Something hits you but does no damage. Something bites you but does no damage.
Urug hits you but does no damage.
You feel very mighty all of a sudden. Something hits you.
* * * LOW HITPOINT WARNING * * *
Something bites you but does no damage.
Urug screams, "Die, harpy!"
Urug hits you with a +3 eveningstar!
* * * LOW HITPOINT WARNING * * *
You closely miss Urug.
Urug is almost dead.
Something barely misses you. Something closely misses you.
You block Urug's attack.
It was a potion of curing.
You feel better. Something barely misses you.
Something bites you but does no damage. Urug hits you but does no damage.
You thump Urug!
You kill Urug!
Okawaru accepts your kill. Something hits you but does no damage.
Something barely misses you.
You barely miss something. You hit something.
Something hits you but does no damage. Something barely misses you.
You miss something.
You feel like a meek peon again. Something hits you but does no damage.
Something bites you.
* * * LOW HITPOINT WARNING * * *
You sock something! Something hits you!
* * * LOW HITPOINT WARNING * * *
Something bites you but does no damage.
You feel better. Something hits you but does no damage. Something bites you.
* * * LOW HITPOINT WARNING * * *
You sock something! Something hits you!
* * * LOW HITPOINT WARNING * * *
Something bites you.
You die...

#........# #).......# ...
#........####..
#...........#..# #
##.....###..##.########.#
##......##.##...........#
.......)..##.............
###)).##.##.....#{.#...
...)'.#.##....##@#..##
....#<.......##..)...###
###.#.##....##.........#
#...##........####....#
#...##...#....###.#....
#...#...##..#......##..
#......##...#.......# .
#..##..##..##...#...# #.
#...#..##...# ..#


There were no monsters in sight!

Vanquished Creatures
  Urug (D:10)
  Pikel (D:4)
  An elephant (D:9)
  A troll (D:10)
  2 hornets
  A wyvern (D:7)
  A wraith (D:9)
  7 yaks (D:9)
  The ghost of Colgate the Vexing, an amateur SpEn of Gozag (D:5)
  A steam dragon (D:5)
  An acid dragon (D:10)
  2 water moccasins (D:8)
  2 orc warriors
  3 sky beasts
  2 ice beasts
  4 black bears
  2 ogres
  3 phantoms
  A kobold brigand (D:6)
  3 elf zombies (Ossuary)
  2 bullfrogs (D:8)
  A necrophage (D:8)
  2 scorpions
  5 wights (D:8)
  9 killer bees
  2 electric eels (D:6)
  2 howler monkeys (D:9)
  6 centaur zombies (Ossuary)
  3 human zombies (Ossuary)
  2 hounds
  2 jellies
  A gnoll shaman (D:4)
  5 orc priests
  2 iguanas
  7 orc wizards
  3 mummies (Ossuary)
  14 gnolls
  7 adders
  4 shadow imps
  A white imp (D:6)
  4 ufetubi
  4 dart slugs (D:4)
  35 orcs
  14 endoplasms
  10 giant cockroaches
  10 goblins
  12 hobgoblins
  4 quokkas
  4 ball pythons
  3 bats
  6 frilled lizards
  11 kobolds
  7 rats
244 creatures vanquished.

Vanquished Creatures (others)
  A wizard (D:8)
  A fungus (D:9)
  10 plants
  18 toadstools (D:5)
30 creatures vanquished.

Grand Total: 274 creatures vanquished

Notes
Turn   | Place    | Note
-------+----------+-------------------------------------------
     0 | D:1      | Dabor the Gargoyle Fighter began the quest for the Orb.
     0 | D:1      | Reached XP level 1. HP: 14/14 MP: 1/1
     9 | D:1      | Noticed a bullfrog
   298 | D:1      | Reached XP level 2. HP: 19/19 MP: 2/2
   670 | D:1      | Reached XP level 3. HP: 10/24 MP: 3/3
  1033 | D:1      | Identified the +4 ring mail of Honour {rC+ Int+4}
  1479 | D:2      | Found a shadowy altar of Dithmenos.
  1600 | D:2      | Found a faded altar of an unknown god.
  1674 | D:2      | Reached XP level 4. HP: 15/29 MP: 4/4
  1912 | D:2      | Got the Handbook of Displacement and Flight
  2071 | D:2      | Identified the +0 robe of Defiance {rF+ Str+3 Slay+2}
  2254 | D:2      | Reached XP level 5. HP: 10/33 MP: 5/5
  3321 | D:3      | Found a shimmering blue altar of Sif Muna.
  3548 | D:4      | Noticed a phantom
  3554 | D:4      | Reached XP level 6. HP: 39/39 MP: 6/6
  4133 | D:4      | Reached skill level 5 in Fighting
  4393 | D:4      | Reached skill level 5 in Armour
  4393 | D:4      | Reached skill level 5 in Shields
  4393 | D:4      | Reached XP level 7. HP: 44/44 MP: 7/7
  4740 | D:4      | Found a staircase to the Ecumenical Temple.
  4926 | Temple   | Entered the Ecumenical Temple
  5047 | Temple   | Became a worshipper of Warmaster Okawaru
  5088 | D:5      | Entered Level 5 of the Dungeon
  5358 | D:4      | Reached skill level 1 in Dodging
  5426 | D:5      | Noticed a steam dragon
  5476 | D:5      | Found a transporter.
  5479 | D:5      | Noticed Pikel
  5512 | D:4      | Killed Pikel
  5512 | D:4      | Reached * piety under Okawaru
  5513 | D:4      | Reached skill level 5 in Maces & Flails
  5513 | D:4      | Reached XP level 8. HP: 21/52 MP: 8/8
  5849 | D:5      | Reached ** piety under Okawaru
  6020 | D:5      | Found a glowing silver altar of Zin.
  6138 | D:5      | Reached skill level 1 in Invocations
  6332 | D:5      | Found a runed translucent door.
  6339 | D:5      | Noticed Colgate's ghost (amateur SpEn)
  6363 | D:5      | Killed Colgate's ghost
  6436 | D:5      | Found a transporter.
  6514 | D:5      | Reached XP level 9. HP: 36/56 MP: 10/10
  6794 | D:5      | Found a blossoming altar of Fedhas.
  6818 | D:5      | Noticed an oklob plant
  7521 | D:6      | Found a sand-covered staircase.
  7526 | Ossuary  | Entered an ossuary
  7625 | Ossuary  | Reached *** piety under Okawaru
  8779 | D:7      | Reached XP level 10. HP: 20/64 MP: 13/13
 10561 | D:8      | Reached skill level 5 in Invocations
 10684 | D:8      | Reached **** piety under Okawaru
 10817 | D:8      | Reached skill level 5 in Dodging
 10917 | D:8      | Identified the +5 dagger of Healing Pain and Death {vamp,
                  | rElec rPois Int+2}
 11007 | D:8      | Found a bloodstained altar of Trog.
 11009 | D:8      | Noticed a wizard
 11015 | D:8      | Killed a wizard
 11257 | D:9      | Found a staircase to the Lair.
 11257 | D:9      | Noticed an elephant
 11271 | D:9      | Killed an elephant
 11361 | D:9      | Reached XP level 11. HP: 15/71 MP: 15/15
 12050 | D:9      | Noticed an obsidian statue
 12474 | D:10     | Entered Level 10 of the Dungeon
 12865 | D:10     | Noticed Urug
 12901 | D:10     | Killed Urug
 12907 | D:10     | HP: 2/71 [something (8)]
 12907 | D:10     | Slain by a vampire

Illustrated notes

Levels and vault maps discovered:
D:1:      evilmike_arrival_come_back, layout_basic, minivault_26,
          minmay_tree_intersection, chequers_decorated_corner, minivault_5
D:2:      layout_loops_ring, ebering_ecumenical_altar_sacrificial, basic_altar,
          serial_glass, glass_columns_a, glass_columns_b, glass_columns_a,
          glass_columns_a, glass_columns_c, glass_columns_c, minmay_diced_spiral
D:3:      layout_loops_ring, mainiacjoe_overflow_alcove_1
D:4:      layout_basic, minmay_temple_entry_enclosed_plants
D:5:      gammafunk_wand_slinger, layout_cave_pools, amcnicky_altar_gilded,
          tgw_fedhas, ebering_ghost_reflecting_pool, corexii_leaking_fountain,
          kennysheep_generic_room_11, uniq_pikel
D:6:      layout_basic, enter_ossuary_2, kennysheep_cluttered_room,
          grunt_decor_resistance
D:7:      layout_basic
D:8:      layout_gridville, trog_wizard, minivault_5
D:9:      layout_basic, david_lair_generic, minivault_16
D:10:     hellmonk_ruined_rings, layout_stronghold, david_orc_2,
          serial_column_ruins, column_ruins_hut_ruined,
          column_ruins_square_small, column_ruins_grid_1,
          column_ruins_open_small, column_ruins_grid_3,
          column_ruins_open_small_water, column_ruins_grid_1, uniq_urug,
          uniq_erica
Temple:   compressed_dpeg_circular_temple

Skill      XL: |  1  2  3  4  5  6  7  8  9 10 11 |
---------------+----------------------------------+-----
Fighting       | 4 5 6 8 9 |  9.5
Armour         | 4 5 6 7 9 |  9.3
Shields        | 4 5 |  5.0
Maces & Flails | 3 4 5 6 7 8 |  8.2
Dodging        | 2 3 4 5 |  5.8
Invocations    | 2 4 6 |  6.5

Action                   |  1- 3 |  4- 6 |  7- 9 | 10-12 || total
-------------------------+-------+-------+-------+-------++-------
Melee: Flail             |    94 |   143 |       |       ||   237
       Mace              |       |    82 |   442 |   336 ||   860
       Spear             |       |       |    10 |       ||    10
Invok: Heroism           |       |       |       |     4 ||     4
Evoke: Wand              |       |       |    14 |       ||    14
  Use: Potion            |       |       |     2 |     4 ||     6
       Scroll            |       |       |     9 |     2 ||    11
Armor: Scale mail        |    37 |       |       |       ||    37
       Ring mail         |    11 |   122 |   327 |   158 ||   618
Dodge: Dodged            |    42 |   111 |   305 |   177 ||   635
Block: Buckler           |    23 |    56 |   119 |    82 ||   280

Table legend: (Time is in decaauts)
 A = Elapsed time spent in this place.
 B = Non-inter-level travel time spent in this place.
 C = Inter-level travel time spent in this place.
 D = Time resting spent in this place.
 E = Time spent auto-exploring this place.
 F = Levels seen in this place.
 G = Mean time per level.
                   A        B        C        D        E       F      G
               +--------+--------+--------+--------+--------+-----+--------+
         Total |  13083 |  12447 |    636 |   2594 |   7171 |  12 | 1090.2 |
       Dungeon |  12664 |  12047 |    617 |   2594 |   7007 |  10 | 1266.4 |
        Temple |    133 |    114 |     19 |      0 |     74 |   1 |  133.0 |
       Ossuary |    285 |    285 |      0 |      0 |     90 |   1 |  285.0 |
               +--------+--------+--------+--------+--------+-----+--------+

Top non-repeatable levels by time:
     D:4: 1946 daAuts
     D:5: 1681 daAuts
     D:1: 1518 daAuts
     D:7: 1452 daAuts
     D:9: 1287 daAuts
     D:2: 1219 daAuts
     D:8: 1161 daAuts
     D:3: 1069 daAuts
     D:6: 899 daAuts
    D:10: 427 daAuts
 Ossuary: 285 daAuts
  Temple: 133 daAuts
